Map: Chantier naval orbital

Players

puCK (Nina) - Winner!

  • Race: Protoss Protoss
  • League: Grandmaster

FearLess

  • Race: Terran Terran

Event: NationWars III

VOD

Have the link to the VOD?

Description

Time

  • Played on: Nov. 19, 2015, 6:51 p.m.
  • Length: 10:18
Show
View Real Time Build Order
Export as new Build Order

puCK Protoss - Winner!

Build Orders: Nexus First 

Get SALT Encoding   

  12  0:01  Probe (Chrono Boost)  
  13  0:11  Probe (Chrono Boost)  
  14  0:19  Pylon  
  14  0:22  Probe (Chrono Boost)  
  15  0:38  Probe (Chrono Boost)  
  16  0:48  Probe (Chrono Boost)  
  17  0:57  Nexus  
  17  1:00  Probe (Chrono Boost)  
  18  1:10  Gateway  
  18  1:13  Probe (Chrono Boost)  
  19  1:19  Assimilator  
  19  1:23  Probe (Chrono Boost)  
  20  1:26  Assimilator  
  20  1:34  Probe (Chrono Boost)  
  20  1:37  Pylon  
  21  1:45  Gateway  
  21  1:50  Probe (Chrono Boost)  
  22  1:59  Cybernetics Core  
  22  2:05  Zealot (Chrono Boost)  
  24  2:08  Probe  
  24  2:12  Probe (Chrono Boost)  
  26  2:20  Probe (Chrono Boost)  
  27  2:23  Probe (Chrono Boost)  
  28  2:33  Mothership Core (Chrono Boost)  
  28  2:36  Adept (Chrono Boost)  
  31  2:42  Warp Gate  
  31  2:44  Probe, Adept (Chrono Boost)  
  34  2:53  Probe  
  36  2:58  Probe (Chrono Boost)  
  36  3:04  Probe (Chrono Boost)  
  37  3:10  Probe (Chrono Boost)  
  38  3:15  Probe (Chrono Boost)  
  38  3:19  Robotics Facility  
  39  3:21  Probe (Chrono Boost)  
  39  3:26  Probe (Chrono Boost)  
  41  3:29  Pylon  
  41  3:31  Probe (Chrono Boost)  
  42  3:37  Probe (Chrono Boost)  
  43  3:42  Probe (Chrono Boost)  
  43  3:47  Probe (Chrono Boost)  
  45  3:52  Probe (Chrono Boost)  
  46  3:58  Probe (Chrono Boost)  
  46  3:59  Gateway  
  46  4:02  Probe (Chrono Boost)  
  47  4:07  Observer (Chrono Boost)  
  47  4:08  Probe  
  47  4:09  Robotics Bay  
  50  4:11  Probe  
  50  4:12  Assimilator x2  
  51  4:17  Pylon  
  51  4:20  Probe  
  51  4:22  Probe  
  53  4:25  Gateway  
  53  4:33  Probe  
  53  4:34  Warp Prism (Chrono Boost)  
  53  4:35  Probe  
  57  4:42  Pylon  
  57  4:43  Probe  
  58  4:47  Probe  
  58  4:50  Pylon  
  59  4:55  Probe  
  59  4:56  Gravitic Drive (Chrono Boost)  
  60  5:01  Disruptor  
  60  5:05  Nexus  
  60  5:06  Probe  
  64  5:12  Twilight Council  
  64  5:16  Probe  
  65  5:21  Probe, Pylon  
  65  5:28  Probe, Forge  
  67  5:32  Disruptor  
  67  5:34  Probe  
  68  5:36  Blink (Chrono Boost)  
  68  5:41  Stalker x3  
  77  5:47  Stalker  
  79  6:00  Probe  
  80  6:07  Stalker x2, Pylon  
  80  6:08  Stalker  
  86  6:14  Protoss Ground Armor Level 1 (Chrono Boost)  
  86  6:16  Pylon  
  86  6:17  Probe  
  87  6:21  Probe  
  87  6:22  Probe  
  89  6:27  Pylon  
  89  6:28  Gateway  
  89  6:29  Probe  
  90  6:37  Probe  
  90  6:38  Probe  
  92  6:43  Disruptor  
  92  6:46  Stalker x4  
  103  6:48  Probe x2  
  105  6:54  Pylon  
  105  6:56  Pylon  
  105  6:59  Pylon  
  98  7:10  Adept x4  
  98  7:13  Probe  
  107  7:18  Probe  
  108  7:28  Probe x2  
  110  7:33  Photon Cannon  
  110  7:34  Resonating Glaives  
  110  7:35  Photon Cannon  
  110  7:38  Photon Cannon  
  110  7:39  Adept, Pylon  
  110  7:40  Adept x2  
  110  7:41  Probe  
  110  7:42  Probe  
  118  7:45  Zealot  
  118  7:47  Probe  
  121  7:54  Adept  
  121  7:56  Observer  
  120  8:02  Pylon  
  120  8:04  Pylon  
  117  8:07  Probe  
  117  8:08  Pylon  
  117  8:11  Probe  
  119  8:15  Probe, Adept x3  
  119  8:19  Pylon  
  124  8:21  Observer  
  125  8:33  Photon Cannon  
  123  8:35  Adept x2  
  123  8:36  Adept x3  
  133  8:51  Disruptor, Assimilator  
  133  8:52  Assimilator  
  133  8:55  Gateway  
  136  8:57  Gateway  
  136  8:59  Gateway  
  136  9:05  Adept x3  
  136  9:06  Adept x2  
  146  9:22  Probe  
  147  9:31  Stalker x3  
  147  9:32  Stalker x2  
  157  9:41  Disruptor  
  144  9:56  Nexus  
  142  10:02  Stalker x5  
  142  10:03  Stalker  
  142  10:07  Stalker x2  
Show
View Real Time Build Order
Export as new Build Order

FearLess Terran 

Build Orders: Reaper Expand, MMM Bio 

Get SALT Encoding   

  12  0:01  SCV  
  13  0:13  SCV  
  14  0:17  Supply Depot  
  14  0:25  SCV  
  15  0:39  SCV  
  15  0:40  Barracks  
  16  0:43  Refinery  
  16  0:51  SCV  
  17  1:03  SCV  
  18  1:15  SCV  
  19  1:27  Reaper  
  19  1:28  Orbital Command  
  20  1:41  Command Center  
  20  1:51  Barracks  
  20  1:53  SCV  
  21  2:02  Barracks Reactor  
  21  2:06  SCV  
  22  2:10  Barracks  
  22  2:18  SCV  
  23  2:23  Supply Depot  
  23  2:40  Barracks Tech Lab  
  23  2:45  SCV, Marine x2  
  26  2:55  Bunker, Orbital Command  
  26  2:57  SCV  
  26  2:59  Marine  
  26  3:00  Stimpack, Marine  
  26  3:02  Marine x2  
  30  3:09  SCV  
  31  3:18  Marine  
  31  3:19  Marauder  
  34  3:20  Marine x2  
  34  3:21  SCV  
  34  3:22  SCV  
  38  3:32  Supply Depot  
  38  3:33  SCV  
  39  3:34  SCV  
  39  3:36  Marine  
  39  3:38  Marine x2  
  39  3:40  Marauder  
  45  3:45  SCV  
  46  3:49  Factory  
  46  3:54  SCV  
  47  3:55  Refinery  
  47  3:56  Supply Depot  
  47  3:57  SCV  
  47  3:59  Marine  
  49  4:03  Marauder  
  49  4:04  Marine x2  
  49  4:09  SCV, Supply Depot  
  54  4:16  Engineering Bay  
  54  4:18  SCV  
  54  4:19  Marine  
  54  4:21  SCV  
  54  4:22  Marine x2  
  59  4:26  Marauder  
  59  4:30  SCV  
  62  4:33  Supply Depot  
  62  4:34  SCV  
  62  4:36  Starport  
  63  4:39  Factory Reactor  
  63  4:42  SCV  
  63  4:43  Marine x2  
  63  4:44  Marine  
  67  4:49  Refinery, Marauder  
  67  4:51  SCV  
  70  4:54  Missile Turret  
  70  4:57  Missile Turret  
  70  4:59  Supply Depot  
  70  5:01  SCV  
  70  5:03  SCV, Marine  
  70  5:06  Combat Shields  
  73  5:10  Marine x2  
  73  5:13  Marauder  
  77  5:19  SCV  
  78  5:21  Supply Depot  
  78  5:22  SCV, Supply Depot  
  79  5:28  Refinery  
  79  5:30  Marine x2  
  79  5:32  Marine  
  79  5:34  SCV  
  79  5:35  Marauder  
  85  5:36  SCV  
  86  5:43  Medivac x2  
  86  5:46  SCV  
  86  5:49  Supply Depot  
  91  5:51  Supply Depot, SCV  
  91  5:55  Barracks Tech Lab  
  91  5:56  Marine x2  
  94  5:58  Marauder  
  94  6:00  Terran Infantry Weapons Level 1  
  90  6:06  Command Center  
  90  6:09  SCV x2  
  92  6:15  Supply Depot  
  92  6:21  SCV, Widow Mine  
  92  6:25  Medivac x2  
  98  6:26  Marauder  
  98  6:27  SCV  
  101  6:36  Barracks  
  101  6:37  Barracks  
  83  6:44  Marauder, Marine x2  
  83  6:45  SCV  
  88  6:47  Marauder  
  88  6:52  SCV, Factory Reactor  
  91  6:58  SCV  
  92  7:06  Marauder  
  92  7:07  Marine  
  92  7:08  Medivac x2, Marine  
  96  7:09  Supply Depot, Marauder  
  96  7:10  SCV  
  96  7:15  SCV  
  104  7:22  SCV  
  99  7:25  Marine x2  
  99  7:26  Orbital Command  
  99  7:27  Marauder  
  99  7:28  SCV  
  99  7:29  Barracks Reactor  
  104  7:30  Marauder  
  104  7:32  Barracks Tech Lab  
  104  7:34  Widow Mine x2  
  110  7:37  SCV  
  110  7:42  Viking  
  110  7:43  Medivac  
  115  7:49  Marauder  
  117  7:51  SCV  
  117  7:52  Marauder  
  120  8:01  SCV  
  115  8:05  Marine  
  115  8:06  Marauder, Widow Mine x2, Marine x2  
  115  8:08  Terran Infantry Armor Level 1  
  115  8:10  Marauder  
  125  8:14  SCV  
  125  8:15  Medivac  
  128  8:24  Command Center, Barracks  
  128  8:26  SCV x2, Barracks  
  129  8:28  Armory  
  129  8:31  Marauder  
  129  8:32  Marine x2  
  131  8:38  SCV  
  131  8:40  Refinery  
  132  8:43  Supply Depot, Widow Mine x2  
  132  8:44  Supply Depot x2  
  132  8:48  SCV  
  137  8:49  Engineering Bay  
  137  8:54  SCV  
  137  8:55  SCV, Marine x2  
  139  8:56  Marauder  
  139  8:57  Marauder  
  139  9:02  Marauder, Marine x2  
  130  9:06  SCV  
  120  9:18  Marauder  
  120  9:20  Marauder, Marine x6  
  120  9:22  SCV  
  120  9:23  Widow Mine x2  
  120  9:24  Marauder  
  135  9:28  Medivac  
  135  9:29  Medivac  
  137  9:38  Marine x4  
  139  9:39  Marauder  
  139  9:41  Marauder  
  142  9:52  Marauder, Marine x2  
  130  9:55  Marine  
  130  9:56  Marine x3  
Tags
 
Add a new tag
Caveats
  • Supply blocks, unpowered buildings, or Contaminate may cause inaccurate times.
  • Supply counts are checked every 10 seconds.